 Dungeon Crawl Stone Soup version 0.25-a0-425-g0e000e855e (webtiles) character file.

Game seed: 4598427753445878809, levelgen mode: deterministic

4515 HessuHobo the Basher (level 10, -10/88 HPs)
             Began as a Black Draconian Fighter on Jan 24, 2020.
             Was a Follower of the Shining One.
             Mangled by Gastronok (23 damage)
             ... on level 8 of the Dungeon.
             The game lasted 00:25:27 (11425 turns).

HessuHobo the Basher (Black Draconian Fighter)     Turns: 11425, Time: 00:25:28

Health: -10/88     AC: 16    Str: 20 (21) XL:     10   Next: 16%
Magic:  10/10      EV: 13    Int:  7 (8)  God:    the Shining One [*.....]
Gold:   496        SH:  9    Dex: 10 (12) Spells: 9/9 levels left

rFire    . . .     SeeInvis .   e - +0 mace (protect)
rCold    . . .     Gourm    .   b - +0 shield
rNeg     . . .     Faith    .   (armour unavailable)
rPois    .         Spirit   .   (helmet restricted)
rElec    +         Reflect  .   (no cloak)
rCorr    .         Harm     .   o - +1 pair of gloves
MR       .....                  (no boots)
Stlth    +.........             (no amulet)
HPRegen  0.24/turn              i - ring of stealth
MPRegen  0.12/turn              (no ring)

@: protection aura, hasted (expiring), glowing, very quick
A: breathe lightning, unfitting armour, electricity resistance, cold-blooded, AC
+7
a: Breathe Lightning, Renounce Religion


You were on level 8 of the Dungeon.
You worshipped the Shining One.
The Shining One was aware of your devotion.
You were hungry.

You visited 2 branches of the dungeon, and saw 9 of its levels.

You collected 496 gold pieces.

Inventory:

Hand Weapons
 a - a +0 long sword
 e - a +0 mace of protection (weapon)
Armour
 b - a +0 shield (worn)
 o - a +1 pair of gloves (worn)
Jewellery
 i - a ring of stealth (left hand)
 x - a -2 ring of intelligence
Wands
 f - a wand of flame (44)
 n - a wand of acid (34)
 r - a wand of iceblast (20)
Scrolls
 h - a scroll of teleportation
 j - 7 scrolls of remove curse
 m - 2 scrolls of enchant weapon
 q - 3 scrolls of amnesia
 y - a scroll of identify
Potions
 c - 4 potions of flight
 k - 3 potions of brilliance
 p - 3 potions of invisibility
 s - a potion of degeneration
 A - a potion of curing
Comestibles
 d - 5 rations


   Skills:
 + Level 7.7 Fighting
 - Level 2.0 Long Blades
 + Level 10.3 Maces & Flails
 + Level 8.3 Dodging
 - Level 3.0 Shields


You had 9 spell levels left.
You didn't know any spells.
Your spell library contained the following spells:

 Spells                   Type           Power        Failure   Level  Hunger
 Shock                    Conj/Air       #...         91%         1    ##.....
 Swiftness                Chrm/Air       #.......     97%         2    ###....
 Static Discharge         Conj/Air       #.......     100%        3    ####...
 Airstrike                Air            #.........   100%        4    #####..
 Lightning Bolt           Conj/Air       #.........   100%        5    ######.


Dungeon Overview and Level Annotations

Branches:
Dungeon (8/15)             Temple (1/1) D:7
   Lair: D:8-11

Altars:
Cheibriados
Dithmenos
Elyvilon
Fedhas
Gozag
Hepliaklqana
Kikubaaqudgha
Makhleb
Nemelex Xobeh
Ru
Sif Muna
Trog
Uskayaw
Vehumet
Wu Jian
Xom
Yredelemnul
Zin
The Shining One

Annotations:
D:4 2 transporters
D:6 tape's ghost, novice TeAE
D:8 Gastronok


Innate Abilities, Weirdness & Mutations

You can breathe wild blasts of lightning.
Your glossy black scales are hard. (AC +7)
You cannot fit into any form of body armour.
You are resistant to electric shocks. (rElec)
You are cold-blooded and may be slowed by cold attacks.


Message History

You sock Gastronok!
Gastronok is almost dead.
You hit Gastronok.
Gastronok is almost dead.
You hit Gastronok but do no damage.
Gastronok is almost dead.
You block Gastronok's attack.
You hit Gastronok but do no damage.
Gastronok is almost dead.
You hit Gastronok but do no damage.
You tail-slap Gastronok, but do no damage.
Gastronok is almost dead.
Your extra speed is starting to run out.
You hit Gastronok.
Gastronok is almost dead.
You hit Gastronok.
You tail-slap Gastronok, but do no damage.
Gastronok is almost dead.
Gastronok is no longer moving quickly.
Gastronok bites you!!
You die...

###### #....# #....# #....#
##########....# ******
#...<รท........####***,,,,**
#...)....#@......#,,'...,+,
####........#.w..####,,*...,*,
###...........#.....# #*###..###
##....#........###...###.#.#''#.#
......#........###...##%.%.......
#.###.#........#....###..P......P
........##.#####.#.## #..%.......
.#####...........#.####.......%..
.#####.......................##..


You could see Gastronok.

Vanquished Creatures
  A centaur zombie (D:8)
  2 hippogriffs
  A wyvern (D:7)
  3 ice beasts
  3 sky beasts
  A black bear (D:8)
  4 ogres
  2 centaurs (D:5)
  A crocodile (D:8)
  A necrophage (D:8)
  A big kobold (D:8)
  A gnoll sergeant (D:6)
  7 bullfrogs
  2 scorpions
  4 killer bees (D:8)
  A crimson imp (D:7)
  2 jellies
  2 bullfrog zombies (D:6)
  7 hounds
  A gnoll shaman (D:5)
  5 orc priests
  2 bullfrog skeletons (D:6)
  A centaur skeleton (D:6)
  An iguana (D:8)
  7 orc wizards
  7 worker ants
  A hound zombie (D:5)
  2 hound skeletons
  A worker ant zombie (D:6)
  15 gnolls
  A howler monkey skeleton (D:6)
  11 adders
  4 shadow imps
  2 oozes
  An adder skeleton (D:6)
  An adder zombie (D:6)
  5 worms
  4 dart slugs
  2 leopard geckos
  33 orcs
  6 giant cockroaches
  5 goblins
  3 hobgoblins (D:1)
  13 jackals
  15 kobolds
  2 quokkas
  A ball python (D:1)
  10 bats
  6 frilled lizards
  A leopard gecko zombie (D:6)
  A quokka skeleton (D:4)
  10 rats
226 creatures vanquished.

Notes
Turn   | Place    | Note
-------+----------+-------------------------------------------
     0 | D:1      | HessuHobo the Draconian Fighter began the quest for the
                  | Orb.
     0 | D:1      | Reached XP level 1. HP: 19/19 MP: 1/1
   105 | D:1      | Reached XP level 2. HP: 26/26 MP: 2/2
   419 | D:1      | Reached skill level 1 in Maces & Flails
   491 | D:1      | Reached XP level 3. HP: 24/33 MP: 3/3
   824 | D:2      | Reached skill level 2 in Maces & Flails
   923 | D:2      | Reached XP level 4. HP: 40/40 MP: 4/4
  2125 | D:3      | Reached skill level 3 in Maces & Flails
  2125 | D:3      | Reached XP level 5. HP: 42/46 MP: 5/5
  2186 | D:3      | Found a faded altar of an unknown god.
  2894 | D:3      | Reached XP level 6. HP: 49/53 MP: 6/6
  3125 | D:3      | Reached skill level 4 in Maces & Flails
  3128 | D:3      | Found a snail-covered altar of Cheibriados.
  3337 | D:4      | Found a transporter.
  3466 | D:4      | Found a transporter.
  3862 | D:4      | Your scales start taking on a glossy black colour.
  3862 | D:4      | Reached XP level 7. HP: 53/60 MP: 7/7
  3862 | D:4      | Gained mutation: You are resistant to electric shocks.
                  | (rElec) [Black Draconian growth]
  4473 | D:5      | Entered Level 5 of the Dungeon
  4508 | D:4      | Reached skill level 5 in Maces & Flails
  4508 | D:4      | Reached skill level 5 in Dodging
  4515 | D:4      | Reached skill level 5 in Fighting
  4956 | D:5      | Reached skill level 6 in Maces & Flails
  5080 | D:5      | Found a bloodstained altar of Trog.
  5205 | D:5      | Reached XP level 8. HP: 55/68 MP: 8/8
  5557 | D:5      | Reached skill level 7 in Maces & Flails
  7189 | D:6      | Reached skill level 8 in Maces & Flails
  7367 | D:6      | Reached XP level 9. HP: 41/75 MP: 9/9
  7521 | D:6      | Found a runed translucent door.
  7533 | D:6      | Noticed tape's ghost (novice TeAE)
  8483 | D:7      | Found an ancient bone altar of Kikubaaqudgha.
  8506 | D:7      | Found a staircase to the Ecumenical Temple.
  8532 | Temple   | Entered the Ecumenical Temple
  8546 | Temple   | Became a worshipper of the Shining One
  8999 | D:7      | Reached skill level 9 in Maces & Flails
  9958 | D:8      | Reached * piety under the Shining One
 10386 | D:8      | Reached skill level 10 in Maces & Flails
 10400 | D:8      | Reached XP level 10. HP: 65/86 MP: 10/10
 10736 | D:8      | Noticed Gastronok
 11425 | D:8      | Mangled by Gastronok

Levels and vault maps discovered:
D:1:      dpeg_arrival_stone_temple_mockup, layout_basic, minmay_vboxes
D:2:      minmay_recursive_quarters, layout_loops_corners
D:3:      layout_loops_ring, chequers_ecumenical_altar_simple_redux,
          cheibriados_altar_1
D:4:      gammafunk_wand_slinger, layout_loops_cross, first_ration,
          kennysheep_decorative_pillar
D:5:      layout_cave_pods, nicolae_ossuary_entry_ruins, basic_altar
D:6:      layout_loops_ring, serial_undead, serial_undead_f, serial_undead_f,
          serial_undead_f, serial_undead_b, serial_undead_d,
          ebering_ghost_sewer_d
D:7:      layout_gridville, lemuel_doored_altar, temple_pool_b
D:8:      layout_rooms, blue_anna_alchemist [blue_anna_fruit_fields,
          blue_anna_fruit_fields], eino_jars, uniq_gastronok
Temple:   nicolae_temple_no_exploring_needed

Skill      XL: |  1  2  3  4  5  6  7  8  9 |
---------------+----------------------------+-----
Dodging        | 3 4 5 6 8 |  8.3
Maces & Flails | 1 2 3 4 6 8 10 | 10.3
Fighting       | 4 5 6 7 |  7.7
Long Blades    | |  2.0
Shields        | |  3.0

Action                   |  1- 3 |  4- 6 |  7- 9 | 10-12 || total
-------------------------+-------+-------+-------+-------++-------
Melee: Mace              |   122 |   326 |   602 |   101 ||  1151
       Tailslap          |    14 |    39 |    90 |    27 ||   170
 Abil: Breathe Lightning |       |       |     4 |       ||     4
  Use: Scroll            |       |     3 |    10 |       ||    13
       Potion            |       |     1 |     4 |     5 ||    10
 Stab: Sleeping          |     1 |       |     4 |       ||     5
  Eat: Chunk             |       |     5 |       |       ||     5
       Ration            |       |     2 |     6 |     1 ||     9
Armor: Skin              |    41 |   130 |   254 |    12 ||   437
Dodge: Dodged            |    64 |   171 |   395 |    28 ||   658
Block: Shield            |    58 |   194 |   338 |    18 ||   608

Table legend:
 A = Non-vault XP
 B = Vault XP
 C = Vault XP percentage of total XP
 D = Non-vault monster count
 E = Vault monster count
 F = Vault count percentage of total count
                 A         B        C        D         E       F
            +---------+---------+-------+---------+---------+-------
      Total |    5837 |     614 |   9.5 |     200 |      26 |  11.5
            +---------+---------+-------+---------+---------+-------
        D:1 |      40 |       7 |  14.9 |      24 |       4 |  14.3
        D:2 |      68 |      45 |  39.8 |      20 |       9 |  31.0
        D:3 |     319 |       0 |   0.0 |      45 |       0 |   0.0
        D:4 |     536 |       0 |   0.0 |      21 |       0 |   0.0
        D:5 |    1099 |       0 |   0.0 |      35 |       0 |   0.0
        D:6 |     580 |     130 |  18.3 |      14 |       7 |  33.3
        D:7 |    1405 |      90 |   6.0 |      22 |       1 |   4.3
        D:8 |    1790 |     342 |  16.0 |      19 |       5 |  20.8
            +---------+---------+-------+---------+---------+-------
